Map: Lightshade LE

Players

SimpSarashna - Winner!

  • Race: Protoss Protoss
  • League: Diamond

ViBE

  • Race: Zerg Zerg
  • League: Master

VOD

Have the link to the VOD?

Description

Time

  • Played on: May 5, 2021, 10:14 p.m.
  • Length: 22:53
Show
View Real Time Build Order
Export as new Build Order

SimpSarashna Protoss - Winner!

Build Orders: 1 Gate Expand, Oracle Opening, Carriers 

Get SALT Encoding   

  12  0:00  Probe  
  13  0:12  Probe  
  14  0:20  Pylon  
  14  0:24  Probe  
  15  0:38  Probe (Chrono Boost)  
  15  0:42  Gateway  
  16  0:49  Probe (Chrono Boost)  
  17  0:50  Assimilator  
  17  0:54  Probe (Chrono Boost)  
  18  1:05  Probe  
  18  1:08  Assimilator  
  19  1:17  Probe  
  21  1:36  Cybernetics Core  
  20  1:42  Nexus  
  20  1:46  Probe  
  21  1:53  Pylon  
  21  1:58  Probe  
  22  2:10  Probe  
  22  2:12  Stalker (Chrono Boost)  
  22  2:14  Warp Gate  
  25  2:22  Probe  
  26  2:30  Stargate  
  26  2:34  Probe  
  27  2:41  Stalker  
  29  2:46  Probe  
  29  2:47  Shield Battery  
  30  2:54  Probe  
  31  2:58  Probe  
  31  3:01  Pylon  
  32  3:07  Probe  
  32  3:11  Probe  
  34  3:13  Oracle (Chrono Boost)  
  34  3:19  Probe  
  38  3:23  Probe  
  39  3:31  Probe  
  40  3:35  Probe, Pylon  
  40  3:37  Void Ray (Chrono Boost)  
  41  3:41  Pylon  
  41  3:43  Probe  
  41  3:47  Probe  
  47  3:55  Probe  
  48  3:59  Probe  
  49  4:03  Robotics Facility  
  49  4:04  Assimilator  
  49  4:06  Assimilator  
  49  4:07  Probe  
  50  4:11  Probe  
  48  4:19  Probe  
  49  4:25  Probe  
  49  4:29  Void Ray (Chrono Boost)  
  49  4:30  Zealot  
  52  4:31  Probe  
  52  4:38  Probe  
  58  4:43  Probe  
  59  4:49  Nexus  
  59  4:50  Probe  
  59  4:51  Pylon  
  59  4:52  Pylon  
  60  4:55  Probe  
  60  4:58  Observer (Chrono Boost)  
  62  5:02  Probe  
  62  5:03  Pylon  
  62  5:05  Pylon  
  63  5:08  Probe  
  63  5:14  Probe, Immortal (Chrono Boost)  
  64  5:17  Zealot  
  64  5:19  Shield Battery  
  64  5:20  Probe  
  72  5:24  Robotics Bay  
  72  5:26  Probe  
  73  5:32  Probe  
  74  5:37  Void Ray  
  74  5:38  Probe  
  75  5:44  Probe  
  80  5:50  Probe  
  80  5:56  Probe, Immortal (Chrono Boost)  
  86  6:01  Pylon  
  86  6:02  Probe  
  87  6:07  Probe  
  87  6:08  Probe  
  87  6:09  Pylon  
  89  6:12  Pylon  
  89  6:14  Probe  
  89  6:15  Shield Battery  
  90  6:20  Probe  
  90  6:24  Colossus (Chrono Boost)  
  91  6:26  Extended Thermal Lance (Chrono Boost)  
  97  6:33  Fleet Beacon  
  97  6:34  Assimilator x2  
  97  6:39  Probe  
  98  6:41  Probe  
  98  6:44  Probe  
  100  6:52  Stargate, Pylon x2  
  100  6:59  Probe  
  100  7:00  Protoss Air Weapons Level 1 (Chrono Boost)  
  101  7:01  Stalker  
  101  7:02  Forge  
  101  7:03  Pylon  
  102  7:11  Stargate  
  102  7:28  Probe x2  
  104  7:36  Observer, Nexus  
  111  7:38  Assimilator  
  111  7:39  Carrier (Chrono Boost), Pylon  
  111  7:46  Carrier (Chrono Boost)  
  111  7:49  Photon Cannon x2, Assimilator  
  117  7:51  Photon Cannon, Zealot  
  117  7:53  Protoss Ground Weapons Level 1 (Chrono Boost)  
  117  7:56  Probe  
  120  8:02  Twilight Council  
  120  8:03  Pylon  
  120  8:04  Probe  
  121  8:07  Photon Cannon  
  121  8:10  Shield Battery x2  
  121  8:13  Probe x2  
  121  8:15  Observer  
  124  8:24  Zealot  
  126  8:28  Carrier  
  132  8:36  Colossus  
  132  8:40  Photon Cannon  
  138  8:43  Photon Cannon  
  138  8:44  Probe  
  139  8:56  Probe x2  
  139  8:57  Probe, Photon Cannon  
  139  8:59  Protoss Air Weapons Level 2 (Chrono Boost)  
  139  9:00  Shield Battery  
  139  9:02  Pylon  
  142  9:03  Shield Battery  
  142  9:04  Probe  
  142  9:05  Pylon  
  142  9:07  Charge (Chrono Boost)  
  142  9:09  Probe, Pylon  
  144  9:10  Zealot  
  145  9:22  Photon Cannon  
  145  9:25  Gateway  
  145  9:26  Pylon  
  145  9:28  Pylon  
  145  9:29  Photon Cannon  
  145  9:32  Shield Battery  
  145  9:34  Gateway  
  145  9:44  Carrier (Chrono Boost)  
  151  9:46  Carrier (Chrono Boost)  
  157  9:58  Observer  
  163  10:03  Protoss Ground Weapons Level 2 (Chrono Boost)  
  163  10:04  Carrier (Chrono Boost)  
  163  10:09  Probe  
  164  10:17  Pylon  
  164  10:18  Gateway  
  164  10:24  Nexus  
  164  10:26  Pylon  
  164  10:27  Nexus  
  164  10:28  Disruptor (Chrono Boost)  
  156  10:39  Zealot x3  
  162  10:42  Shield Battery  
  162  10:43  Carrier  
  162  10:44  Shield Battery  
  164  10:54  Probe, Disruptor (Chrono Boost)  
  164  10:56  Probe  
  169  10:58  Photon Cannon  
  169  10:59  Photon Cannon  
  169  11:00  Photon Cannon  
  169  11:02  Photon Cannon  
  169  11:04  Shield Battery, Assimilator  
  169  11:05  Assimilator  
  169  11:07  Shield Battery  
  169  11:09  Pylon  
  169  11:15  Carrier  
  169  11:17  Pylon  
  175  11:25  Probe x2  
  177  11:30  Nexus  
  177  11:44  Observer (Chrono Boost)  
  174  11:51  Carrier x2  
  186  11:55  Zealot x2  
  186  11:58  Gateway, Disruptor (Chrono Boost)  
  193  12:02  Gateway  
  193  12:03  Probe  
  200  12:26  Mothership (Chrono Boost)  
  198  12:30  Protoss Air Weapons Level 3 (Chrono Boost)  
  198  12:34  Zealot  
  198  12:35  Photon Cannon  
  198  12:36  Photon Cannon  
  197  12:37  Photon Cannon  
  197  12:43  Observer  
  194  12:48  Nexus  
  194  12:49  Assimilator  
  188  12:52  Carrier  
  183  13:01  Assimilator  
  183  13:03  Probe  
  183  13:04  Observer (Chrono Boost)  
  185  13:05  Zealot  
  185  13:06  Zealot  
  185  13:09  Probe (Chrono Boost)  
  186  13:17  Probe (Chrono Boost)  
  186  13:18  Protoss Ground Weapons Level 3 (Chrono Boost)  
  187  13:22  Colossus (Chrono Boost)  
  184  13:31  Zealot x2  
  184  13:32  Zealot  
  184  13:33  Probe (Chrono Boost)  
  187  13:47  Observer  
  185  13:53  Carrier  
  175  14:01  Photon Cannon  
  175  14:02  Photon Cannon  
  167  14:03  Shield Battery  
  167  14:05  Observer, Photon Cannon  
  168  14:14  Zealot x5  
  176  14:19  Zealot  
  176  14:22  Probe  
  177  14:25  Pylon  
  177  14:26  Probe  
  177  14:27  Carrier  
  184  14:32  Probe  
  184  14:33  Photon Cannon  
  184  14:35  Photon Cannon  
  182  14:42  Pylon  
  182  14:46  Pylon  
  181  14:54  Zealot  
  181  14:56  Nexus  
  181  14:57  Pylon  
  183  15:03  Carrier  
  183  15:16  Photon Cannon  
  183  15:18  Photon Cannon, Zealot  
  181  15:40  Zealot  
  181  15:41  Zealot x5  
  181  15:43  Shield Battery  
  162  16:04  Zealot  
  162  16:05  Zealot x4  
  162  16:09  Observer  
  164  16:17  Dark Shrine, Zealot  
  164  16:18  Protoss Ground Armor Level 1 (Chrono Boost)  
  152  16:25  Mothership (Chrono Boost)  
  152  16:39  Templar Archives, Probe (Chrono Boost)  
  155  16:40  Probe (Chrono Boost)  
  155  16:41  Probe x3 (Chrono Boost)  
  155  16:43  Zealot x3  
  163  16:48  Probe  
  163  16:51  Zealot x3  
  170  17:07  Probe  
  170  17:08  Observer, Nexus  
  170  17:14  Pylon  
  170  17:17  Carrier, Pylon  
  176  17:28  Carrier  
  176  17:29  Observer  
  183  17:32  Assimilator  
  183  17:36  Shield Battery  
  166  17:37  Photon Cannon  
  166  17:41  Photon Cannon  
  164  17:49  Zealot  
  164  17:50  Zealot x5  
  152  18:01  Photon Cannon  
  152  18:02  Photon Cannon x2  
  152  18:03  Observer  
  147  18:06  Gravitic Boosters (Chrono Boost)  
  135  18:15  Zealot x2  
  135  18:16  Zealot  
  141  18:25  Gateway  
  141  18:32  Carrier (Chrono Boost)  
  149  18:42  Carrier (Chrono Boost)  
  149  18:49  Protoss Air Armor Level 1 (Chrono Boost)  
  149  18:57  Dark Templar x2  
  149  18:58  Dark Templar x4  
  161  19:08  Probe  
  162  19:15  Photon Cannon  
  162  19:18  Gateway  
  162  19:20  Gateway  
  162  19:21  Carrier  
  162  19:23  Photon Cannon  
  166  19:26  Dark Templar  
  166  19:30  Probe  
  159  19:31  Probe x2  
  159  19:34  Carrier  
  159  19:37  Dark Templar x5  
  162  19:51  Probe, Dark Templar  
  165  20:00  Carrier (Chrono Boost)  
  164  20:16  High Templar x5, Psionic Storm  
  180  20:33  Carrier (Chrono Boost)  
  168  20:35  Dark Templar  
  169  20:45  Protoss Shields Level 1 (Chrono Boost)  
  169  20:47  Nexus  
  169  20:49  Assimilator  
  169  21:02  Archon  
  169  21:03  Archon  
  169  21:04  Zealot  
  169  21:05  Zealot x4  
  169  21:07  Carrier  
  185  21:24  Nexus  
  185  21:30  Probe  
  185  21:31  Assimilator  
  186  21:35  Pylon  
  172  21:42  Carrier  
  174  21:49  Assimilator  
  174  21:51  Pylon  
  168  21:57  Observer  
  168  21:58  Photon Cannon  
  168  22:01  Photon Cannon  
  167  22:02  Photon Cannon  
  167  22:12  Probe  
  168  22:16  Observer (Chrono Boost)  
  168  22:18  Pylon  
  168  22:21  Nexus  
  169  22:23  Probe  
  169  22:24  Observer  
  169  22:27  Assimilator  
  162  22:33  Probe  
Show
View Real Time Build Order
Export as new Build Order

ViBE Zerg 

Build Orders: Hatch First, Lurkers 

Get SALT Encoding   

  12  0:00  Drone  
  13  0:13  Overlord  
  13  0:17  Drone  
  14  0:31  Drone x2  
  16  0:49  Hatchery  
  15  0:52  Drone  
  15  0:55  Drone  
  17  0:58  Drone  
  18  1:11  Spawning Pool  
  18  1:16  Drone  
  18  1:19  Drone  
  19  1:26  Extractor  
  19  1:28  Drone  
  19  1:43  Overlord  
  19  2:00  Drone  
  20  2:02  Queen x2  
  20  2:03  Drone x2  
  26  2:15  Drone x2  
  28  2:26  Drone  
  28  2:27  Drone  
  30  2:30  Metabolic Boost  
  30  2:38  Overlord  
  30  2:43  Queen  
  32  2:44  Drone  
  32  2:45  Drone x2  
  35  2:55  Drone  
  35  2:56  Overlord  
  36  3:15  Zergling x2  
  36  3:16  Drone x4  
  36  3:17  Drone  
  42  3:24  Queen  
  42  3:25  Roach Warren  
  43  3:35  Drone  
  43  3:36  Hatchery, Drone  
  44  3:42  Overlord  
  44  3:51  Overlord  
  44  3:52  Overlord  
  44  4:00  Drone x2  
  44  4:01  Drone x5  
  51  4:03  Spore Crawler  
  51  4:05  Spore Crawler  
  46  4:19  Drone x2  
  46  4:21  Lair  
  47  4:26  Queen  
  47  4:28  Overlord x2  
  47  4:29  Drone  
  47  4:30  Drone x3  
  53  4:38  Overlord  
  53  4:39  Drone  
  54  4:47  Overlord x2  
  54  4:50  Queen  
  56  4:54  Spore Crawler  
  56  4:55  Drone x7  
  62  5:09  Extractor, Drone x4  
  62  5:10  Drone x2, Extractor  
  66  5:18  Overseer  
  66  5:19  Glial Reconstitution  
  66  5:23  Roach  
  66  5:24  Overlord x2  
  68  5:40  Roach x2  
  72  5:46  Roach  
  72  5:47  Drone x5  
  72  5:48  Drone  
  72  5:49  Overlord, Roach  
  82  5:54  Extractor  
  82  5:56  Extractor x2  
  79  6:04  Drone x6  
  83  6:08  Evolution Chamber  
  83  6:09  Hydralisk Den, Evolution Chamber  
  83  6:10  Drone x2  
  84  6:21  Overlord x3  
  84  6:23  Drone x8  
  92  6:28  Hatchery  
  92  6:30  Overlord  
  92  6:31  Overlord  
  91  6:45  Roach  
  91  6:46  Roach x3  
  99  6:51  Overseer  
  99  7:04  Hatchery  
  99  7:12  Grooved Spines, Zerg Ground Armor Level 1  
  99  7:15  Drone x2  
  101  7:20  Drone x6  
  101  7:21  Drone x6  
  113  7:38  Drone x3  
  113  7:42  Hydralisk x3  
  122  7:53  Evolution Chamber  
  121  8:05  Hydralisk, Spore Crawler  
  120  8:06  Hydralisk x6  
  134  8:20  Hydralisk x10  
  134  8:21  Hydralisk  
  134  8:24  Muscular Augments  
  156  8:37  Extractor x2  
  156  8:39  Hydralisk x7  
  168  8:44  Overlord x4  
  166  8:56  Hatchery  
  166  8:57  Lurker Den  
  166  8:58  Infestation Pit  
  163  9:07  Zerg Ground Armor Level 2  
  163  9:08  Zerg Missile Weapons Level 1  
  163  9:38  Hydralisk x9  
  163  9:39  Hydralisk x5  
  163  9:45  Hive  
  191  9:51  Drone  
  192  9:53  Spine Crawler  
  192  9:55  Spine Crawler  
  192  9:58  Spine Crawler  
  192  9:59  Spine Crawler x2  
  187  10:00  Drone x5, Spine Crawler  
  187  10:02  Drone  
  187  10:04  Spine Crawler  
  191  10:07  Spine Crawler  
  191  10:08  Drone  
  191  10:09  Drone x2  
  193  10:25  Overlord x2  
  191  10:42  Hydralisk  
  185  10:44  Hydralisk  
  175  11:02  Drone x3  
  178  11:04  Lurker  
  178  11:05  Lurker x14  
  178  11:09  Spine Crawler  
  178  11:10  Spine Crawler, Spore Crawler  
  188  11:12  Seismic Spines  
  188  11:13  Zerg Missile Weapons Level 2  
  188  11:31  Hydralisk x6  
  182  11:50  Zerg Ground Armor Level 3  
  182  12:03  Drone x6  
  182  12:06  Drone x4  
  182  12:07  Extractor x2  
  182  12:08  Hatchery  
  189  12:09  Adaptive Talons  
  189  12:11  Spine Crawler  
  189  12:13  Spine Crawler, Spore Crawler  
  186  12:27  Spine Crawler  
  185  12:30  Spine Crawler  
  185  12:31  Spine Crawler  
  185  12:33  Hydralisk x9  
  197  12:50  Hydralisk x13  
  197  12:51  Hydralisk x9  
  181  12:58  Hydralisk x6  
  188  13:18  Hydralisk x8  
  180  13:20  Zergling x20  
  188  13:27  Zergling x2  
  188  13:28  Zergling x2  
  175  13:43  Zergling x10  
  175  13:44  Zergling x18  
  171  13:56  Hydralisk x11  
  171  13:58  Queen  
  173  14:14  Drone x2  
  173  14:15  Drone x6  
  181  14:18  Lurker x8  
  181  14:19  Lurker x3  
  181  14:20  Hatchery  
  181  14:22  Spine Crawler, Spore Crawler  
  181  14:23  Spine Crawler  
  171  14:24  Spine Crawler  
  171  14:26  Zerg Missile Weapons Level 3  
  171  14:28  Lurker x2  
  171  14:29  Lurker x10  
  170  14:39  Zerg Melee Weapons Level 1  
  170  14:42  Adrenal Glands  
  169  14:46  Hydralisk x5  
  169  14:51  Zergling x2  
  169  14:52  Zergling x38  
  186  15:17  Hydralisk  
  186  15:18  Hydralisk x12  
  176  15:33  Hydralisk x8  
  176  15:34  Hydralisk x2  
  163  15:43  Hydralisk x3  
  163  15:44  Hydralisk x2  
  141  16:01  Hydralisk x8  
  142  16:18  Zergling x2  
  142  16:19  Zergling x14  
  147  16:30  Hatchery  
  145  16:35  Extractor  
  145  16:36  Extractor  
  145  16:37  Hatchery  
  145  16:39  Drone x7  
  149  16:42  Lurker x7  
  149  16:44  Lurker  
  149  16:46  Queen x4  
  165  16:53  Zerg Melee Weapons Level 2  
  154  17:08  Zergling x4  
  154  17:09  Zergling x30  
  149  18:05  Zergling x2  
  149  18:06  Zergling x30  
  155  18:30  Hatchery  
  153  18:41  Hydralisk x13  
  173  19:02  Hydralisk  
  173  19:03  Hydralisk x4  
  173  19:08  Overseer x3  
  169  19:17  Spore Crawler  
  169  19:19  Spine Crawler  
  160  19:50  Drone x9  
  139  20:35  Hydralisk x5  
  139  20:36  Hydralisk x7  
  139  20:40  Overseer x3  
  139  20:42  Pneumatized Carapace  
  163  20:47  Extractor x2  
  161  21:20  Hatchery  
  161  21:22  Lurker x5  
  128  21:49  Hydralisk x9  
  134  22:02  Hydralisk x3  
  125  22:11  Hydralisk x3  
  103  22:27  Hydralisk x3  
Tags
 
Add a new tag
Caveats
  • Supply blocks, unpowered buildings, or Contaminate may cause inaccurate times.
  • Supply counts are checked every 10 seconds.